 Dungeon Crawl Stone Soup version 0.29.0-4-gdea44cf6ec (webtiles) character file.

Game seed: 17267655343533905104

7219 RascalDebosk the Cleaver (level 11, -1/92 (97) HPs)
             Began as a Hill Orc Fighter on Aug 28, 2022.
             Was a Believer of Beogh.
             Slain by an orc warrior
             ... wielding a +0 battleaxe
              (8 damage)
             ... on level 9 of the Dungeon.
             The game lasted 01:44:07 (12310 turns).

RascalDebosk the Cleaver (Hill Orc Fighter)        Turns: 12310, Time: 01:44:12

HP:   -1/92 (97)    AC: 16    Str: 24    XL:     11   Next: 11%
MP:   17/17         EV:  5    Int:  8    God:    Beogh [**....]
Gold: 150           SH: 14    Dex: 10    Spells: 10/10 levels left

rFire   x . .      SeeInvis .   a - +3 war axe
rCold   + . .      Faith    .   k - +0 tower shield
rNeg    . . .      Spirit   .   K - +0 chain mail
rPois   .          Reflect  .   r - +1 helmet
rElec   .          Harm     .   h - +0 cloak
rCorr   .          Rampage  .   (no gloves)
Will    .....                   m - +0 pair of boots
Stlth   ..........              n - amulet of the acrobat
HPRegen 0.25/turn               t - ring of ice
MPRegen 0.15/turn               (no ring)

@: drained
A: no striking features
a: Renounce Religion, Smiting


You were on level 9 of the Dungeon.
You worshipped Beogh.
Beogh was pleased with you.
You visited 2 branches of the dungeon, and saw 10 of its levels.

You collected 404 gold pieces.
You spent 254 gold pieces at shops.

Inventory:

Hand Weapons
 a - a +3 war axe (weapon)
 o - a +0 whip of flaming
 v - a +3 antimagic trident
 B - a +2 flail of protection
 H - a +4 flail
 J - a +5 trident
Missiles
 j - 5 boomerangs (quivered)
 l - 14 poisoned darts
 E - a boomerang of dispersal
 G - a curare-tipped dart
 I - 10 stones
Armour
 h - a +0 cloak (worn)
 k - a +0 tower shield (worn)
 m - a +0 pair of boots (worn)
 r - a +1 helmet (worn)
 K - a +0 chain mail (worn)
Jewellery
 g - a +4 ring of protection
 n - an amulet of the acrobat (around neck)
 t - a ring of ice (left hand)
Wands
 z - a wand of iceblast (8)
 A - a wand of mindburst (2)
 C - a wand of flame (8)
 F - a wand of light (3)
Scrolls
 b - a scroll of amnesia
 c - 2 scrolls of butterflies
 e - a scroll of fear
Potions
 d - a potion of brilliance {unknown}
 f - 3 potions of curing
 i - 4 potions of haste
 p - a potion of flight
 q - a potion of cancellation
 s - a potion of lignification
 u - 3 potions of mutation
 w - 3 potions of degeneration
 x - 2 potions of magic {unknown}
 D - a potion of invisibility {unknown}
 L - a potion of heal wounds


   Skills:
 + Level 9.1 Fighting
 + Level 9.4 Axes
 + Level 6.1 Throwing
 + Level 8.3 Armour
 + Level 8.1 Shields
 + Level 8.7 Invocations


You had 10 spell levels left.
You didn't know any spells.
Your spell library contained the following spells:

 Spells                   Type           Power      Damage    Failure   Level
 Sandblast                Erth           0%         2d4       100%        1
 Passwall                 Tmut/Erth      0%         N/A       100%        2
 Portal Projectile        Hex/Tloc       0%         N/A       100%        3
 Stone Arrow              Conj/Erth      0%         3d7       100%        3
 Tukima's Dance           Hex            0%         N/A       100%        3
 Blade Hands              Tmut           0%         N/A       100%        5


Dungeon Overview and Level Annotations

Branches:
Dungeon (9/15)             Temple (1/1) D:6
   Lair: D:8-11         Orc: D:9-12

Altars:
Ashenzari
Dithmenos
Elyvilon
Fedhas
Hepliaklqana
Kikubaaqudgha
Makhleb
Nemelex Xobeh
Okawaru
Qazlal
Ru
Sif Muna
Trog
Uskayaw
Vehumet
Wu Jian
Xom
Yredelemnul
Zin
The Shining One

Shops:
D:4 *   D:5 ?


Message History

* * * LOW HITPOINT WARNING * * *
You feel better. You block the orc warrior's attack.
The orc warrior hits you but does no damage.
You hit the orc warrior.
The orc warrior is almost dead.
You hit the orc warrior.
The orc warrior hits you with a +0 battleaxe!
* * * LOW HITPOINT WARNING * * *
The orc warrior hits you with a +0 scimitar.
* * * LOW HITPOINT WARNING * * *
You hit the orc warrior but do no damage.
The orc warrior is almost dead.
You hit the orc warrior but do no damage.
The orc warrior hits you with a +0 battleaxe.
* * * LOW HITPOINT WARNING * * *
You block the orc warrior's attack.
You feel better.
The orc warrior hits you with a +0 battleaxe!
* * * LOW HITPOINT WARNING * * *
You block the orc warrior's attack.
You barely miss the orc warrior.
The orc warrior is almost dead.
You slash the orc warrior! You block the orc warrior's attack.
The orc warrior barely misses you. x3
You closely miss the orc warrior.
The orc warrior is almost dead.
You hit the orc warrior. You block the orc warrior's attack. x2
You hit the orc warrior but do no damage.
The orc warrior is almost dead.
You slash the orc warrior!
You kill the orc warrior!
Beogh accepts your kill.
You slice the orc!!
You kill the orc!
Beogh accepts your kill.
You completely miss the orc warrior.
The orc warrior hits you with a +0 battleaxe.
* * * LOW HITPOINT WARNING * * *
The orc warrior hits you with a +0 battleaxe!
You die...

.#......#+#### ... # .#......# ..
..........z .#......## ..
............. '#.......#####.
..............###
.............#.##......# #...zz.
.............#..#......# #...z..
.............#..#......# #......
.............#..#......# +......
..###'###....#..@o.....## #......
..+>....#....####)...............
..#.....#......o...........######
..#>....#.................. #
..#.....#................
..#.....#.....)..........
#.....+....))).........
#######................
..................


You could see an orc warrior.

Vanquished Creatures
  Pikel (D:4)
  Joseph (D:7)
  3 kobold demonologists
  2 hornets (D:8)
  Grinder (D:4)
  Eustachio (D:5)
  4 yaks (D:8)
  4 humans (D:6)
  Menkaure (D:4)
  Edmund (D:5)
  Duvessa (D:7)
  An orc warrior (D:9)
  2 sky beasts
  A black bear (D:7)
  2 ice beasts (D:5)
  3 centaurs
  An ogre (D:5)
  A lemure (D:4)
  A phantom (D:4)
  Blork the orc (D:5)
  3 kobold brigands
  4 bullfrogs
  2 gnoll sergeants
  A necrophage (D:5)
  3 scorpions
  3 wights (D:9)
  Dowan (D:7)
  10 killer bees
  2 jellies
  2 howler monkeys (D:8)
  A crimson imp (D:5)
  4 hounds
  2 gnoll boudas
  An orc priest (D:8)
  Jessica (D:2)
  5 iguanas
  6 orc wizards
  18 gnolls
  4 adders
  2 shadow imps
  A white imp (D:6)
  An ufetubus (D:4)
  A worm (D:3)
  5 dart slugs
  22 orcs
  6 ball pythons
  7 endoplasms
  5 goblins
  6 hobgoblins
  6 jackals
  10 quokkas
  8 bats
  3 frilled lizards
  18 kobolds
  4 rats
211 creatures vanquished.

Vanquished Creatures (others)
  An orc (D:3)
  A ball python (D:3)
2 creatures vanquished.

Grand Total: 213 creatures vanquished

Notes
Turn   | Place    | Note
-------+----------+-------------------------------------------
     0 | D:1      | RascalDebosk the Hill Orc Fighter began the quest for the
                  | Orb.
     0 | D:1      | Reached XP level 1. HP: 19/19 MP: 1/1
    54 | D:1      | Reached XP level 2. HP: 23/27 MP: 2/2
   371 | D:1      | Reached XP level 3. HP: 32/33 MP: 3/3
   373 | D:1      | Reached skill level 1 in Invocations
   746 | D:1      | Found a faded altar of an unknown god.
  1155 | D:2      | Noticed Jessica
  1164 | D:2      | Killed Jessica
  1165 | D:2      | Reached skill level 1 in Throwing
  1165 | D:2      | Reached XP level 4. HP: 24/40 MP: 3/5
  1336 | D:2      | Found a shimmering altar of Xom.
  1805 | D:3      | Became a worshipper of Beogh the Brigand
  1884 | D:3      | Found a sparkling altar of Nemelex Xobeh.
  2281 | D:4      | Found Nahied's Gadget Gallery.
  2289 | D:4      | Bought a wand of iceblast (3) for 72 gold pieces
  2289 | D:4      | Bought a wand of mindburst (7) for 98 gold pieces
  2319 | D:4      | Noticed Grinder
  2470 | D:4      | Killed Grinder
  2471 | D:4      | Reached XP level 5. HP: 31/47 MP: 5/7
  2471 | D:4      | Reached XP level 6. HP: 35/53 MP: 5/8
  2856 | D:4      | Noticed Menkaure
  2868 | D:4      | Killed Menkaure
  2869 | D:4      | Reached skill level 5 in Fighting
  2869 | D:4      | Reached XP level 7. HP: 58/61 MP: 9/9
  2882 | D:4      | Found a white marble altar of Elyvilon.
  2946 | D:4      | Noticed Pikel
  2959 | D:4      | Killed Pikel
  2960 | D:4      | Reached skill level 5 in Axes
  2960 | D:4      | Reached skill level 5 in Armour
  2960 | D:4      | Reached skill level 5 in Shields
  2960 | D:4      | Reached XP level 8. HP: 46/70 MP: 9/11
  3157 | D:4      | Reached * piety under Beogh
  3682 | D:5      | Entered Level 5 of the Dungeon
  3685 | D:5      | Noticed Blork the orc
  3703 | D:5      | Killed Blork the orc
  3972 | D:5      | Reached skill level 5 in Invocations
  4253 | D:5      | Noticed Eustachio
  4270 | D:5      | Killed Eustachio
  4328 | D:5      | Found Uleokon's Magic Scroll Shoppe.
  4335 | D:5      | Bought a scroll of identify for 28 gold pieces
  4494 | D:5      | Reached XP level 9. HP: 53/78 MP: 4/13
  4916 | D:5      | Noticed Edmund
  4960 | D:5      | Killed Edmund
  5121 | D:5      | Identified the +2 war axe of Ravage {venom, rElec Dex+2
                  | SInv}
  5159 | D:5      | Found a burning altar of Makhleb.
  5160 | D:5      | Found a shimmering altar of Xom.
  5881 | D:6      | Found an ancient bone altar of Kikubaaqudgha.
  6032 | D:6      | Reached ** piety under Beogh
  7177 | D:6      | Found a staircase to the Ecumenical Temple.
  7539 | D:7      | Found a radiant altar of Vehumet.
  7541 | D:7      | Found a basalt altar of Yredelemnul.
  7541 | D:7      | Found a sacrificial altar of Ru.
  7550 | D:7      | Found a stormy altar of Qazlal.
  7553 | D:7      | Found a hide-covered altar of Uskayaw.
  7595 | D:7      | Noticed Duvessa
  7595 | D:7      | Noticed Dowan
  7604 | D:7      | Killed Duvessa
  7605 | D:7      | Reached skill level 5 in Throwing
  7605 | D:7      | Reached XP level 10. HP: 71/88 MP: 12/15
  7607 | D:7      | Killed Dowan
  7731 | D:7      | Noticed Joseph
  7764 | D:7      | Killed Joseph
  9262 | Temple   | Entered the Ecumenical Temple
  9478 | D:8      | Paralysed by a hornet for 2 turns
  9778 | D:8      | Found an ornate altar of the Wu Jian Council.
  9780 | D:8      | Noticed a kobold demonologist
  9789 | D:8      | Noticed a kobold demonologist
  9793 | D:8      | Noticed a rust devil
  9801 | D:8      | Noticed an orange demon
  9812 | D:8      | Noticed a sun demon
  9859 | D:8      | Killed a kobold demonologist
 10649 | D:8      | Killed a kobold demonologist
 11139 | D:4      | Bought a wand of flame (8) for 56 gold pieces
 11344 | D:9      | Reached XP level 11. HP: 68/95 MP: 17/17
 12310 | D:9      | Slain by an orc warrior

Illustrated notes

Levels and vault maps discovered:
D:1:      amcnicky_arrival_single_pillar, layout_basic,
          shapermc_ecumenical_altar_ellora
D:2:      layout_rooms, basic_altar, kennysheep_generic_room_11, uniq_jessica
D:3:      layout_basic, mainiacjoe_overflow_alcove_1
D:4:      minmay_evil_eye, layout_basic, mainiacjoe_overflow_tiny_flanked,
          nicolae_shop_gadgets, uniq_grinder, uniq_pikel, uniq_menkaure
D:5:      layout_basic, grunt_temple_overflow_champion_of_chaos, serial_shops,
          shop_fountains, uniq_eustachio, uniq_edmund, uniq_blork_the_orc
D:6:      layout_loops_corners, mainiacjoe_overflow_24_doors,
          minmay_temple_entry_junction, minmay_ruffians
D:7:      layout_basic, minmay_overflow_temple_star_hex, uniq_duvessa,
          uniq_joseph
D:8:      layout_basic, nicolae_wu_jian_wuxing_cycle, solitary_fountain
D:9:      layout_gridville, nicolae_overflow_crystal_walls, david_orc_2,
          serial_shops, kennysheep_mini
Temple:   dpeg_three_leaves_temple

Skill      XL: |  1  2  3  4  5  6  7  8  9 10 11 |
---------------+----------------------------------+-----
Axes           | 3 4 5 6 7 9 |  9.4
Fighting       | 4 5 6 7 8 9 |  9.1
Invocations    | 1 3 4 5 7 8 |  8.7
Throwing       | 1 2 3 4 5 6 |  6.1
Armour         | 4 5 6 7 8 |  8.3
Shields        | 4 5 6 7 8 |  8.1

Action                   |  1- 3 |  4- 6 |  7- 9 | 10-12 || total
-------------------------+-------+-------+-------+-------++-------
Melee: War axe           |    85 |    76 |   101 |   299 ||   561
       Trident           |       |       |   312 |    28 ||   340
Throw: Boomerang         |     4 |    19 |    10 |     8 ||    41
       Dart              |       |       |       |     5 ||     5
Invok: Convert to Beogh  |       |     1 |       |       ||     1
       Smiting           |       |       |     1 |       ||     1
Evoke: Wand              |       |     4 |     5 |     1 ||    10
  Use: Scroll            |       |     9 |    13 |     4 ||    26
       Potion            |       |       |     1 |    10 ||    11
 Stab: Distracted        |       |       |     1 |       ||     1
Armor: Scale mail        |    43 |    33 |   167 |    10 ||   253
       Chain mail        |       |       |       |   255 ||   255
Dodge: Dodged            |    54 |    36 |   115 |   131 ||   336
Block: Buckler           |    23 |    21 |    13 |       ||    57
       Tower shield      |       |       |   279 |   354 ||   633
